Map: [ESL] Site Delta

Players

Cham

  • Race: Zerg Zerg
  • Spawn Location: 5:00

SpeCial - Winner!

  • Race: Terran Terran
  • Spawn Location: 11:00

Event: ESL SC2 Masters 2023 Winter (Regional)

VOD

Have the link to the VOD?

Description

Time

  • Played on: Nov. 9, 2023, 12:49 p.m.
  • Length: 15:53

All games in this series

Show
View Real Time Build Order
Export as new Build Order

Cham Zerg 

Build Orders: Hatch First 

Get SALT Encoding   

  12  0:00  Drone  
  13  0:12  Overlord  
  13  0:17  Drone  
  14  0:30  Drone x2  
  16  0:48  Hatchery  
  15  0:51  Drone  
  15  0:55  Drone  
  17  0:59  Drone  
  18  1:12  Spawning Pool  
  18  1:13  Extractor  
  18  1:16  Drone  
  17  1:20  Drone  
  18  1:28  Drone  
  19  1:39  Drone  
  20  1:51  Drone  
  21  1:59  Queen x2  
  21  2:00  Zergling x4  
  27  2:11  Drone, Overlord  
  28  2:26  Hatchery  
  28  2:27  Drone  
  28  2:33  Drone  
  28  2:34  Metabolic Boost  
  28  2:41  Queen  
  30  2:44  Overlord  
  30  2:49  Drone  
  31  2:51  Drone  
  31  2:53  Drone  
  32  3:05  Spore Crawler  
  30  3:09  Drone x4  
  30  3:10  Drone  
  36  3:12  Drone  
  34  3:27  Drone x3  
  33  3:29  Queen  
  37  3:35  Overlord  
  37  3:40  Queen  
  39  3:43  Drone x2  
  41  3:53  Drone x4  
  44  3:59  Overlord  
  44  4:02  Queen  
  45  4:05  Queen  
  47  4:14  Zergling x10  
  47  4:16  Zergling x2  
  53  4:19  Zergling x2  
  53  4:20  Zergling x2  
  53  4:21  Drone  
  53  4:23  Drone  
  57  4:27  Drone  
  57  4:30  Overlord  
  58  4:31  Drone  
  58  4:32  Drone  
  58  4:33  Zergling x2  
  58  4:34  Zergling x2  
  58  4:35  Zergling x2  
  58  4:37  Zergling x2  
  64  4:41  Overlord  
  64  4:46  Overlord x2  
  64  4:50  Zergling x4  
  66  4:54  Overlord  
  66  5:02  Zergling x8  
  66  5:06  Zergling x4  
  66  5:09  Zergling x2  
  66  5:13  Drone x3  
  65  5:16  Drone x3  
  65  5:17  Drone  
  65  5:18  Drone  
  65  5:20  Drone  
  64  5:25  Spore Crawler  
  64  5:26  Lair  
  64  5:27  Drone, Spore Crawler x2  
  60  5:32  Drone x2  
  60  5:35  Drone  
  63  5:38  Drone  
  63  5:41  Drone  
  63  5:49  Drone x3  
  62  6:01  Drone x3  
  59  6:10  Roach Warren  
  57  6:11  Extractor  
  57  6:12  Drone x3, Extractor  
  57  6:16  Drone, Evolution Chamber  
  57  6:17  Drone x2  
  57  6:18  Evolution Chamber  
  58  6:20  Drone  
  58  6:22  Drone  
  58  6:23  Extractor  
  58  6:24  Extractor  
  56  6:27  Overseer  
  56  6:28  Extractor, Drone  
  56  6:29  Drone x5  
  56  6:31  Drone, Hatchery  
  62  6:32  Drone  
  62  6:35  Drone  
  63  6:40  Drone  
  63  6:43  Drone, Zerg Ground Armor Level 1  
  65  6:50  Drone x4  
  65  6:54  Glial Reconstitution  
  69  6:56  Drone x3  
  69  7:00  Overlord  
  72  7:02  Drone  
  72  7:03  Drone, Zerg Missile Weapons Level 1  
  72  7:06  Roach x2  
  78  7:12  Roach x3  
  84  7:16  Overlord  
  84  7:19  Roach x3  
  90  7:27  Drone x5  
  91  7:30  Roach  
  93  7:39  Roach x4  
  93  7:40  Roach  
  103  7:47  Overlord  
  103  7:51  Queen  
  104  7:55  Roach x6  
  104  7:57  Overlord  
  114  8:02  Queen  
  114  8:03  Overlord  
  114  8:07  Overlord x2  
  114  8:09  Hatchery  
  114  8:10  Drone  
  114  8:11  Baneling Nest  
  113  8:15  Drone x4  
  117  8:26  Drone x3  
  117  8:27  Drone x5  
  122  8:28  Ravager x3  
  122  8:29  Ravager x2  
  122  8:30  Ravager  
  122  8:31  Overlord  
  131  8:34  Overlord  
  131  8:37  Zergling x6  
  131  8:38  Zergling x2  
  135  8:43  Overlord  
  135  8:44  Zergling x2  
  135  8:47  Queen  
  138  8:49  Zerg Melee Weapons Level 1  
  138  8:52  Zergling x8  
  142  9:03  Drone x3  
  142  9:04  Drone x2  
  142  9:05  Overlord  
  142  9:07  Spore Crawler  
  144  9:10  Zergling x4  
  144  9:15  Drone, Overlord  
  145  9:19  Zergling x12  
  145  9:20  Zergling x4  
  142  9:26  Zergling x6  
  144  9:31  Zergling x2  
  144  9:37  Drone x3  
  142  9:44  Drone x3  
  140  9:50  Zergling x8  
  140  9:52  Baneling x6  
  144  9:53  Baneling x5, Queen  
  144  9:54  Overlord  
  144  9:55  Zergling x6  
  144  9:58  Zergling x6  
  144  9:59  Zergling x6, Centrifugal Hooks  
  155  10:00  Zerg Ground Armor Level 2, Hatchery  
  155  10:05  Zergling x6  
  157  10:08  Zergling x4  
  157  10:12  Zergling x4  
  161  10:17  Drone  
  161  10:19  Baneling x2  
  161  10:20  Spore Crawler, Baneling x3  
  161  10:21  Zergling x6  
  163  10:27  Zergling x6  
  163  10:28  Zergling x6  
  170  10:34  Overlord  
  163  10:36  Zergling x2  
  163  10:37  Zergling x4  
  163  10:41  Baneling  
  163  10:42  Zergling x2, Baneling x4  
  163  10:43  Zergling x4  
  163  10:46  Zergling x2  
  163  10:47  Zergling x6  
  169  10:52  Extractor  
  159  10:57  Zergling x8  
  159  11:01  Baneling x2  
  156  11:04  Zergling x2  
  156  11:05  Zergling x2  
  156  11:10  Baneling  
  156  11:11  Baneling x4  
  158  11:12  Zerg Melee Weapons Level 2  
  158  11:13  Zergling x8  
  158  11:14  Zergling x4  
  158  11:16  Baneling x2  
  158  11:17  Zergling x2, Baneling  
  158  11:18  Zergling x16  
  173  11:23  Baneling x4  
  173  11:26  Zergling x6  
  173  11:27  Baneling x4  
  173  11:32  Hatchery  
  169  11:33  Zergling x2, Hatchery  
  169  11:34  Zergling x4  
  169  11:39  Zergling x8, Infestation Pit  
  166  11:44  Zergling x4  
  139  11:54  Zergling x2  
  139  11:55  Zergling x14  
  139  11:56  Zergling x2  
  139  11:57  Baneling x2  
  139  11:58  Baneling  
  148  12:01  Zergling x2  
  148  12:02  Zergling x2, Baneling x6  
  148  12:03  Baneling x2  
  148  12:06  Zergling x4  
  148  12:07  Zergling x4  
  154  12:13  Queen  
  154  12:14  Zergling x8  
  154  12:15  Zergling x10  
  155  12:20  Zergling x2  
  155  12:21  Baneling x4  
  155  12:22  Zergling x4, Baneling x7  
  150  12:25  Hive  
  149  12:30  Zergling x4  
  149  12:36  Zergling x2  
  149  12:37  Zergling x10  
  154  12:42  Zergling x2  
  141  12:47  Zergling x8  
  143  12:53  Baneling x2  
  143  12:54  Baneling, Ravager  
  143  12:55  Ravager x2  
  143  12:56  Zergling x6, Roach x5, Hatchery  
  143  12:57  Zergling x4  
  160  13:04  Baneling  
  160  13:05  Ravager  
  161  13:06  Zergling x4, Roach x2  
  161  13:11  Zergling x4  
  169  13:13  Baneling x6  
  169  13:14  Baneling x2  
  160  13:24  Zergling x4  
  160  13:25  Zergling x24  
  151  13:27  Roach x2  
  150  13:34  Zergling x6  
  150  13:36  Queen  
  150  13:38  Zergling x6  
  150  13:40  Baneling  
  150  13:41  Baneling x2  
  158  13:42  Zergling x6  
  158  13:44  Adrenal Glands  
  158  13:47  Infestor  
  158  13:48  Zergling x4, Ultralisk Cavern  
  163  13:49  Baneling x4  
  163  13:50  Baneling x2  
  163  13:51  Zergling x2  
  163  13:53  Zergling x6  
  163  13:54  Zergling x2  
  169  13:56  Baneling x5  
  169  13:57  Zergling x2, Baneling  
  169  13:58  Baneling x2  
  169  13:59  Zergling x4  
  169  14:01  Baneling x3  
  169  14:02  Zergling x4  
  174  14:04  Zergling x4  
  150  14:18  Zergling x16  
  150  14:21  Baneling x4  
  150  14:29  Drone x8  
  155  14:32  Infestor x2  
  155  14:34  Drone  
  157  14:49  Zergling x16  
  155  14:57  Baneling x3  
  155  14:58  Baneling x2  
  155  14:59  Spore Crawler  
  148  15:02  Hatchery  
  148  15:05  Zergling x18  
  133  15:18  Drone x3  
  141  15:24  Zergling x6  
  141  15:25  Zergling x2  
Show
View Real Time Build Order
Export as new Build Order

SpeCial Terran - Winner!

Build Orders: Banshee Rush 

Get SALT Encoding   

  12  0:00  SCV  
  13  0:12  SCV  
  14  0:17  Supply Depot  
  14  0:24  SCV  
  15  0:39  SCV  
  15  0:40  Barracks  
  16  0:42  Refinery  
  16  0:51  SCV  
  16  0:52  Refinery  
  17  1:03  SCV  
  18  1:15  SCV  
  19  1:27  Reaper  
  19  1:28  Orbital Command, Supply Depot  
  20  1:43  Factory  
  20  1:53  SCV  
  21  1:59  Reaper  
  22  2:05  SCV  
  23  2:16  Command Center  
  23  2:19  SCV  
  24  2:28  Hellion  
  26  2:31  Reaper  
  26  2:32  SCV  
  28  2:37  Starport  
  28  2:44  SCV  
  29  2:45  Supply Depot  
  31  2:51  Hellion  
  31  3:04  Barracks Reactor  
  31  3:06  SCV  
  32  3:19  SCV  
  33  3:22  Hellion  
  35  3:27  Starport Tech Lab  
  35  3:29  Orbital Command  
  35  3:31  SCV  
  36  3:43  SCV  
  37  3:50  Cyclone x2  
  37  3:53  Cloaking Field  
  37  3:54  Banshee  
  41  3:56  SCV x2  
  43  4:06  Barracks Tech Lab  
  43  4:08  SCV  
  44  4:13  Command Center  
  44  4:14  SCV  
  45  4:20  SCV  
  45  4:23  Hellion  
  48  4:24  Hellion  
  48  4:25  Supply Depot  
  48  4:27  Marine  
  51  4:35  SCV x2  
  53  4:45  Marine  
  54  4:47  Banshee  
  54  4:50  Barracks  
  54  4:52  Barracks  
  57  4:53  Factory Reactor, SCV x2  
  59  5:07  SCV  
  59  5:09  SCV  
  59  5:11  Barracks Tech Lab  
  56  5:19  SCV  
  57  5:22  SCV  
  57  5:27  Engineering Bay  
  57  5:28  Orbital Command, Engineering Bay  
  49  5:31  SCV  
  49  5:34  Marine, SCV  
  52  5:38  Starport Reactor  
  52  5:39  Stimpack  
  52  5:40  Marine x2  
  54  5:43  SCV  
  54  5:46  SCV  
  56  5:52  Siege Tank  
  56  5:55  SCV  
  56  5:56  Refinery  
  60  5:57  Marine, Refinery  
  60  5:58  SCV, Marine  
  53  6:07  Terran Infantry Weapons Level 1, Terran Infantry Armor Level 1  
  53  6:08  Orbital Command  
  54  6:11  SCV x2  
  54  6:15  Marine  
  54  6:18  Marine x3  
  57  6:19  Marine  
  57  6:23  SCV x2  
  60  6:29  Medivac  
  60  6:31  Medivac  
  64  6:33  Marine  
  64  6:35  SCV x2  
  64  6:36  Marine x3  
  64  6:37  Marine  
  64  6:39  Supply Depot  
  71  6:45  Factory Reactor  
  71  6:46  SCV  
  72  6:47  Barracks, SCV x2  
  72  6:50  Marine  
  72  6:52  Barracks x2  
  72  6:53  Marine  
  72  6:54  Marine  
  76  7:00  SCV x2, Marine x2  
  81  7:04  SCV  
  81  7:06  Supply Depot  
  82  7:08  Armory, Marine  
  82  7:11  Marine  
  82  7:12  SCV  
  85  7:20  Supply Depot  
  85  7:28  Medivac x2, Marine x2, SCV x2  
  93  7:34  Factory Tech Lab  
  93  7:37  Supply Depot  
  93  7:38  Combat Shield  
  93  7:41  Marine, Concussive Shells, Supply Depot  
  93  7:42  Marauder, SCV x3  
  99  7:45  Marine  
  99  7:46  Marine  
  99  7:48  Barracks Reactor, Barracks Tech Lab  
  100  7:54  Siege Tank  
  100  7:58  Marauder, Marine  
  104  8:05  SCV x2  
  104  8:06  SCV  
  104  8:07  Marine  
  104  8:08  Marauder, Marine  
  104  8:11  Marine x2, Supply Depot  
  104  8:12  Refinery  
  112  8:13  Medivac  
  112  8:15  Medivac  
  112  8:16  Marine  
  112  8:17  SCV  
  112  8:19  Marine  
  119  8:22  Supply Depot  
  119  8:25  Marine x2  
  121  8:27  Supply Depot  
  121  8:29  SCV  
  121  8:31  SCV  
  121  8:32  Refinery  
  121  8:33  Terran Infantry Weapons Level 2  
  122  8:34  Marine  
  122  8:35  Marine x4  
  122  8:37  Marine  
  122  8:40  SCV  
  129  8:41  SCV  
  129  8:43  SCV  
  129  8:44  Terran Infantry Armor Level 2  
  129  8:45  Marine x3  
  134  8:52  Marine  
  134  8:53  Marine x4  
  134  8:55  Marine  
  140  8:57  Siege Tank  
  143  9:03  Marine, SCV  
  143  9:07  Supply Depot  
  143  9:09  Marauder, Marine  
  148  9:10  Marine  
  148  9:16  Marine  
  149  9:17  Supply Depot x2, Marine x2  
  149  9:19  Supply Depot  
  149  9:21  Marine  
  149  9:22  Marauder  
  143  9:27  Marine  
  143  9:29  Medivac x2  
  145  9:36  Marauder, Marine  
  145  9:38  Command Center  
  148  9:39  Siege Tank  
  148  9:42  Marine  
  148  9:43  Marine, Marauder  
  148  9:44  Marine x3  
  156  9:52  Barracks  
  156  9:55  Barracks  
  156  9:57  Sensor Tower  
  156  10:02  Marauder, Marine  
  156  10:03  Marine x3  
  156  10:06  Marine  
  163  10:11  Marine  
  163  10:12  Marine x2  
  166  10:16  Siege Tank  
  166  10:18  Medivac x2  
  166  10:20  Marine  
  172  10:28  Marauder, Marine  
  175  10:31  Marauder, Marine  
  172  10:39  Marine  
  172  10:40  Marauder  
  172  10:41  Marine, SCV x3  
  178  10:46  Marine  
  178  10:47  Marine  
  178  10:49  Siege Tank  
  185  10:50  Marine, Marauder  
  185  10:53  SCV  
  176  11:01  Sensor Tower  
  174  11:07  Marine  
  174  11:08  Marauder, Marine x5  
  182  11:13  Marine  
  182  11:14  Marauder, Marine x2  
  182  11:16  Barracks Reactor  
  187  11:18  Planetary Fortress  
  187  11:20  Barracks x2  
  187  11:21  Siege Tank  
  187  11:24  Barracks  
  187  11:25  Marine  
  190  11:28  Marine  
  190  11:29  Marine x3  
  193  11:39  Marine  
  186  11:40  Marauder  
  186  11:42  Marine  
  186  11:44  Marauder, Marine x3  
  186  11:46  Marine  
  185  11:47  Terran Infantry Weapons Level 3  
  185  11:54  Siege Tank, Marine x2  
  168  11:55  Marine  
  168  11:56  Medivac  
  168  11:59  Marine  
  171  12:01  Marauder  
  171  12:03  Marauder  
  171  12:06  Marauder  
  177  12:10  Marine  
  177  12:14  Terran Infantry Armor Level 3  
  178  12:20  Marine  
  170  12:23  Marauder  
  170  12:24  Marauder  
  170  12:26  Siege Tank  
  170  12:27  Marauder  
  170  12:29  Marine x4  
  158  12:44  Marauder  
  158  12:45  Marauder  
  158  12:49  Marauder, Marine x9  
  158  12:51  Marine x2  
  163  12:58  Siege Tank, Liberator x2  
  174  13:01  Marine x2  
  176  13:07  Marine x2  
  176  13:12  Command Center  
  178  13:13  Marine  
  178  13:14  Marauder, Marine x4  
  154  13:30  Siege Tank  
  154  13:31  Marine  
  154  13:32  Marauder x2, Marine x3  
  156  13:38  Marauder, Marine x6  
  164  13:43  Marine  
  164  13:45  Marine  
  166  13:53  Marauder  
  166  13:54  Marauder  
  166  13:55  Marine x3  
  172  13:56  Marine x2  
  172  13:58  Marine x2  
  172  14:00  Marauder  
  172  14:02  Siege Tank  
  182  14:03  Marine x2  
  178  14:13  Marine  
  178  14:14  Marauder  
  178  14:15  Marauder  
  168  14:21  Marauder  
  168  14:23  Marine x2  
  168  14:24  Marine x3  
  169  14:25  Marine  
  169  14:27  Marine  
  169  14:30  Planetary Fortress  
  174  14:34  Siege Tank, Medivac  
  174  14:35  Medivac  
  174  14:36  Marine, Marauder  
  174  14:37  Marine, Marauder  
  185  14:42  Marauder  
  185  14:45  Marine x2  
  183  14:57  Marauder  
  183  14:58  Marauder  
  184  15:03  Marine  
  184  15:04  Medivac, Marauder  
  184  15:05  Medivac  
  184  15:06  Siege Tank  
  186  15:07  Marine  
  179  15:17  Marine  
  179  15:18  Marine  
  179  15:19  Marauder x2  
  178  15:22  Marine  
  178  15:25  Marauder  
  178  15:27  Marine  
  182  15:29  Marine  
  182  15:32  Marine  
Tags
 
Add a new tag
Caveats
  • Supply blocks, unpowered buildings, or Contaminate may cause inaccurate times.
  • Supply counts are checked every 10 seconds.